AoeStats
← MattAtArms

Arabia

518469314Analyzed
1v1 RM · 3d ago on Nov 3, 2026· 16m 33s· 2 players
Game mode
Random Map
Map size
Tiny (2 player)
Population
200
Speed
Normal
Resources
Standard
Victory
Conquest
Starting age
Dark Age
Ending age
Imperial Age
RankedLock teamsTeams togetherTeam positionsShared explorationLock speedFull tech treeHidden civsTurbo modeCheats
Victory
Defeat
🇸🇬 Malians · Singapore
1998
+13
vs
🇬🇧 Khmer · United Kingdom
1938
-13
MattAtArms
5:51 Loom
9:27 Feudal Age
9:34 Man-at-Arms
10:01 Double-Bit Axe
12:05 Horse Collar
13:39 Fletching
Hornet
6:21 Loom
8:48 Feudal Age
8:58 Man-at-Arms
11:53 Double-Bit Axe
Connection lost

Rejoining the realm…

Still unreachable

The connection could not be restored.

Session expired

The server has moved on; the page needs a fresh start.